 Seeded DCSS version 0.29.1-15-g9cfb28693d (webtiles) character file.

Game seed: 15606157861061787411 (custom seed)

102 bnorton916 the Digger (level 4, -2/24 HPs)
             Began as a Gargoyle Earth Elementalist on Apr 29, 2023.
             Slain by a gnoll
             ... wielding a +0 flail
              (8 damage)
             ... on level 3 of the Dungeon.
             The game lasted 00:03:40 (3985 turns).

bnorton916 the Digger (Gargoyle Earth Elementalist) Turns: 3985, Time: 00:03:41

Health: -2/24      AC:  5    Str: 11    XL:     4   Next: 78%
Magic:  0/8        EV: 11    Int: 18    God:
Gold:   104        SH:  0    Dex: 10    Spells: 8/9 levels left

rFire   . . .      SeeInvis .   (no weapon)
rCold   . . .      Faith    .   (no shield)
rNeg    + . .      Spirit   .   a - +0 robe
rPois   ∞          Reflect  .   (no helmet)
rElec   +          Harm     .   (no cloak)
rCorr   .          Rampage  .   (no gloves)
Will    .....                   (no boots)
Stlth   ++........              (no amulet)
HPRegen 0.08/turn               (no ring)
MPRegen 0.11/turn               (no ring)

@: no status effects
A: sickness immunity, AC +3, negative energy resistance 1, electricity
resistance, torment resistance 1, petrification resistance
a: no special abilities


You were on level 3 of the Dungeon.
You visited 1 branch of the dungeon, and saw 3 of its levels.

You collected 104 gold pieces.

Inventory:

Hand Weapons
 m - a +2 dagger of draining
Missiles
 h - 9 poisoned darts (quivered)
 j - 4 boomerangs
Armour
 a - a +0 robe (worn)
Jewellery
 e - an amulet of faith
Scrolls
 d - 8 scrolls of identify {unknown}
 f - 4 scrolls of teleportation {unknown}
 i - a scroll of enchant armour {unknown}
 l - a scroll of fear {unknown}
Potions
 b - 2 potions of magic
 c - a potion of curing {unknown}
 g - a potion of haste {unknown}
 k - a potion of resistance {unknown}
 n - a potion of degeneration {unknown}
 o - a potion of ambrosia {unknown}


   Skills:
 - Level 1.5 Dodging
 - Level 2.1 Stealth
 + Level 3.0 Spellcasting
 + Level 2.1 Transmutations
 + Level 4.7 Earth Magic


You had 8 spell levels left.
You knew the following spells:

 Your Spells              Type           Power      Damage    Failure   Level
a - Sandblast             Erth           38%        2d10      2%          1

Your spell library contained the following spells:

 Spells                   Type           Power      Damage    Failure   Level
 Passwall                 Tmut/Erth      12%        N/A       6%          2
 Sting                    Tmut/Pois      24%        1d4       11%         1
 Stone Arrow              Conj/Erth      22%        3d8       19%         3
 Petrify                  Tmut/Erth      15%        N/A       36%         4


Dungeon Overview and Level Annotations

Branches:
Dungeon (3/15)

Altars:

Shops:
D:2 :


Innate Abilities, Weirdness & Mutations

You are immune to sickness and miasma.
Your stone body is resilient. (AC +3)
You are immune to poison.
You resist negative energy. (rN+)
You are resistant to electric shocks. (rElec)
You are resistant to unholy torment.
You are immune to petrification.


Message History

The gnoll hits you with a +0 flail. x2
Casting: Sandblast (safe; 2% risk of failure)
Confirm with . or Enter, or press ? or * to list all spells.
Aiming: Sandblast (safe; 2% risk of failure)
Press: ? - help, Shift-Dir - straight line, f/p - gnoll
Aim: a gnoll, wielding a +0 flail and wearing a +0 ring mail (severely wounded, 87% to hit)
The blast of sand hits the gnoll.
The gnoll is almost dead.
The gnoll hits you with a +0 flail.
Casting: Sandblast (safe; 2% risk of failure)
Confirm with . or Enter, or press ? or * to list all spells.
Aiming: Sandblast (safe; 2% risk of failure)
Press: ? - help, Shift-Dir - straight line, f/p - gnoll
Aim: a gnoll, wielding a +0 flail and wearing a +0 ring mail (almost dead, 87% to hit)
The blast of sand hits the gnoll but does no damage.
The gnoll is almost dead.
The gnoll barely misses you. The gnoll misses you.
Casting: Sandblast (safe; 2% risk of failure)
Confirm with . or Enter, or press ? or * to list all spells.
Aiming: Sandblast (safe; 2% risk of failure)
Press: ? - help, Shift-Dir - straight line, f/p - gnoll
Aim: a gnoll, wielding a +0 flail and wearing a +0 ring mail (almost dead, 87% to hit)
The blast of sand hits the gnoll but does no damage.
The gnoll is almost dead.
The gnoll hits you with a +0 flail.
* * * LOW HITPOINT WARNING * * *
Casting: Sandblast (safe; 2% risk of failure)
Confirm with . or Enter, or press ? or * to list all spells.
You don't have enough magic to cast this spell.
Unknown command.
You aren't carrying any items that you can evoke.
Unknown command.
Throw: 10 darts (poison)
Press: ? - help, Q - select action, (/) - cycle Shift-Dir - straight line, f/p - gnoll
Aim: a gnoll, wielding a +0 flail and wearing a +0 ring mail (almost dead, 62% to hit)
You throw a poisoned dart. The poisoned dart hits the gnoll.
The gnoll is poisoned.
The gnoll is almost dead.
The gnoll hits you with a +0 flail!
You die...

.# ##............#..............
.# #............#......#.......
.# #............#......#.....[.
.#####............#......#.......
.....'........#<..#......#.......
######...........................
######.###............###.....#..
.......###...........#........###
.######.....#.>.@................
#.#####....g...............
##.................##.......
##......#.#+##......##.......
#.......#....................
.####.......#...#......##+#####+#
....'.......#...#......#
.####..................#
#.......#..........#


You could see a gnoll (poisoned).

Vanquished Creatures
  A hound (D:3)
  2 gnolls
  2 adders
  4 endoplasms
  2 giant cockroaches
  3 goblins
  3 hobgoblins
  4 quokkas (D:2)
  2 ball pythons
  4 bats
  4 kobolds
  4 rats
35 creatures vanquished.

Vanquished Creatures (others)
  9 plants
9 creatures vanquished.

Grand Total: 44 creatures vanquished

Notes
Turn   | Place    | Note
-------+----------+-------------------------------------------
     0 | D:1      | bnorton916 the Gargoyle Earth Elementalist began the quest
                  | for the Orb.
     0 | D:1      | Reached XP level 1. HP: 10/10 MP: 3/3
   446 | D:1      | Reached skill level 1 in Transmutations
   797 | D:1      | Reached XP level 2. HP: 15/15 MP: 3/5
  1089 | D:1      | Found a faded altar of an unknown god.
  1093 | D:1      | Got Plato's Handbook of the Spider
  1313 | D:2      | Found Kehoal's Book Shoppe.
  1318 | D:2      | Reached skill level 4 in Earth Magic
  1348 | D:2      | Reached XP level 3. HP: 19/19 MP: 3/6
  2937 | D:3      | Reached XP level 4. HP: 24/24 MP: 5/8
  3985 | D:3      | Slain by a gnoll

Illustrated notes

Levels and vault maps discovered:
D:1:      lemuel_arrival_muddy, layout_basic,
          shapermc_ecumenical_altar_rom_forum, dk_noncrumbling_2
D:2:      layout_rooms, serial_shops, shop, palyth_stone_intersect
D:3:      layout_basic, nrook_uturn, minmay_misc_feat_four_crosses,
          nicolae_grassy_gnolls

Skill      XL: |  1  2  3  4 |
---------------+-------------+-----
Transmutations | 1 2 |  2.1
Earth Magic    | 4 |  4.7
Spellcasting   | 3 |  3.0
Dodging        | |  1.5
Stealth        | |  2.1

Action                   |  1- 3 |  4- 6 || total
-------------------------+-------+-------++-------
Melee: Unarmed           |     1 |       ||     1
Throw: Dart              |       |     2 ||     2
 Cast: Sandblast         |    47 |    18 ||    65
Armor: Robe              |     5 |       ||     5
Dodge: Dodged            |    12 |     9 ||    21
